 Dungeon Crawl Stone Soup version 0.21.0-30-g47ce8e4 (webtiles) character file.

261 tidbits the Ducker (level 6, 0/53 HPs)
             Began as a Gnoll Monk on Jan 28, 2018.
             Slain by an orc priest
             ... wielding a cursed +0 short sword
              (4 damage)
             ... on level 3 of the Dungeon.
             The game lasted 00:08:16 (1033 turns).

tidbits the Ducker (Gnoll Monk)                     Turns: 1033, Time: 00:08:17

Health: 0/53       AC:  2    Str: 13    XL:     6   Next: 18%
Magic:  8/8        EV: 17    Int: 14    God:
Gold:   132        SH:  0    Dex: 18    Spells: 8/8 levels left

rFire    . . .     SeeInvis .   a - +0 short sword (venom)
rCold    . . .     Gourm    .   (no shield)
rNeg     . . .     Faith    .   b - +0 robe
rPois    .         Spirit   .   (no helmet)
rElec    .         Reflect  .   (no cloak)
rCorr    .         Harm     .   (no gloves)
MR       .....                  (no boots)
Stlth    +++.......             (no amulet)
HPRegen  0.17/turn              (no ring)
MPRegen  0.11/turn              (no ring)

@: lethally poisoned (0 -> -17)
A: distributed training, fangs 1, strong nose
a: no special abilities


You were on level 3 of the Dungeon.
You were not hungry.

You visited 1 branch of the dungeon, and saw 4 of its levels.

You collected 132 gold pieces.

Inventory:

Hand Weapons
 a - a +0 short sword of venom (weapon)
   (You took it off a kobold on level 1 of the Dungeon)
 j - a +0 dagger
 l - a +0 falchion
 q - a +0 dagger of flaming
   (You found it on level 2 of the Dungeon)
 r - a +0 short sword
 t - a +1 hand axe of flaming
   (You took it off an orc priest on level 3 of the Dungeon)
Missiles
 g - 30 arrows
 s - 8 bolts
Armour
 b - a +0 robe (worn)
 n - a +0 ring mail
Scrolls
 d - 2 scrolls of remove curse
 e - 3 scrolls of teleportation
 f - 2 scrolls of immolation {unknown}
 i - 2 scrolls of identify {unknown}
 m - a scroll of magic mapping {unknown}
 p - 2 scrolls of enchant armour {unknown}
Comestibles
 c - 3 rations


   Skills:
 + Level 6.8 Fighting
 + Level 6.8 Short Blades
 + Level 1.8 Long Blades
 + Level 1.8 Axes
 + Level 1.8 Maces & Flails
 + Level 1.8 Polearms
 + Level 1.8 Staves
 + Level 1.8 Slings
 + Level 1.8 Bows
 + Level 1.8 Crossbows
 + Level 1.8 Throwing
 + Level 1.8 Armour
 + Level 6.8 Dodging
 + Level 4.5 Stealth
 + Level 1.8 Shields
 + Level 1.8 Unarmed Combat
 + Level 1.8 Spellcasting
 + Level 1.4 Conjurations
 + Level 1.4 Hexes
 + Level 1.4 Charms
 + Level 1.4 Summonings
 + Level 1.4 Necromancy
 + Level 1.4 Translocations
 + Level 1.4 Transmutations
 + Level 1.4 Fire Magic
 + Level 1.4 Ice Magic
 + Level 1.4 Air Magic
 + Level 1.4 Earth Magic
 + Level 1.4 Poison Magic
 + Level 2.0 Invocations
 + Level 1.8 Evocations


You had 8 spell levels left.
You didn't know any spells.

Dungeon Overview and Level Annotations

Branches:
Dungeon (4/15)
 Temple: D:4-7

Altars:
Elyvilon
Fedhas


Innate Abilities, Weirdness & Mutations

Your experience applies equally to all skills.
You have very sharp teeth.
Your uncanny sense of smell can sniff out nearby items.


Message History

You kill the orc wizard!
The orc priest mumbles some strange prayers to Beogh against you.
Beogh smites you!
* * * LOW HITPOINT WARNING * * *
Things that are here:
a dagger; a robe It was a potion of agility.
You feel agile all of a sudden.
The orc priest mumbles some strange prayers to Beogh against you.
You barely resist.
You feel better.
You hit the orc priest.
The orc priest is poisoned.
The orc priest is lightly wounded.
The orc priest misses you.
You catch the helpless orc priest completely off-guard!
You impale the orc priest!!
You kill the orc priest!
You have reached level 6!
Your experience leads to an increase in your attributes!
Your base attributes are Str 13, Int 13, Dex 18.
Increase (S)trength, (I)ntelligence, or (D)exterity?
You feel clever.
Okay, then.
Things that are here:
a war axe; a leather armour; an orc corpse
Okay, then.
Found a ring mail.
You flicker for a moment.
Found a chain mail.
You see here a chain mail.
You flicker back into view.
A jackal comes into view. 2 jackals come into view.
You catch the helpless jackal completely off-guard!
You impale the jackal!!
You kill the jackal!
Your Invocations skill increases to level 2!
Unknown command.
The jackal barks!
You hear a bark!
Your magical contamination has completely faded away.
You barely miss the jackal. The jackal closely misses you.
You hit the jackal but do no damage.
The jackal is poisoned.
The jackal misses you.
You closely miss the jackal. The jackal completely misses you.
You hit the jackal.
The jackal looks even sicker.
The jackal is moderately wounded.
The jackal completely misses you.
You hit the jackal.
You kill the jackal!
You hit the jackal.
You kill the jackal!
You feel a little less agile now.
There is a stone staircase leading down here.
You climb downwards.
An orc comes into view. It is wielding a falchion.
The worker ant completely misses you. The worker ant bites you!
* * * LOW HITPOINT WARNING * * *
The orc priest hits you but does no damage.
The orc wizard misses you.
There is a stone staircase leading up here.
Unknown command.
The worker ant closely misses you. The orc priest barely misses you.
The orc wizard hits you with a dagger of venom.
* * * LOW HITPOINT WARNING * * *
You are poisoned.
You climb upwards.
You feel sick.
There is a stone staircase leading down here.
Unknown command.
You feel sick.
The orc priest hits you but does no damage.
The worker ant closely misses you.
You feel sick. The orc priest completely misses you.
You aren't carrying any potions.
Unknown command.
You barely miss the worker ant.
You bite the worker ant, but do no damage.
You feel sick. The worker ant barely misses you.
You completely miss the worker ant.
You feel sick. The worker ant barely misses you.
You hit the worker ant but do no damage.
The worker ant is poisoned.
The worker ant completely misses you.
You hit the worker ant. Your bite misses the worker ant.
The worker ant is heavily wounded.
You feel sick. The worker ant bites you.
* * * LOW HITPOINT WARNING * * *
You are lethally poisoned!
The worker ant poisons you!
You closely miss the orc priest.
* * * LOW HITPOINT WARNING * * *
You feel sick. The worker ant bites you.
* * * LOW HITPOINT WARNING * * *
You are more poisoned.
The worker ant poisons you!
You hit the orc priest.
The orc priest is moderately wounded.
* * * LOW HITPOINT WARNING * * *
You feel sick.
You kill the worker ant!
The orc priest hits you with a short sword.
You die...

.#.##.# #...#.#
#..##.#### ...# # #
#...#.#### #..##.#
....
#.#...."...###.....#
.####
#....).###.#...######
.##.## #.##...#
#.#..........
.#.#.####.
###.###.......#####
).#.......
#....o........#
##...#
#..#.##o†#.>.....#
##.##
#.#..##.@###...###
#.# #........# #...#
#.# ########.####.##
#.# #...[..# #.#
##.## ####.###.## #.#
#...####.......## #.#
#...[..#.....<.#
#.###
#..[##.#.......#
#...#
######.#.......#
###.#


You could see an orc priest and an orc wizard.

Vanquished Creatures
  2 orc priests (D:3)
  An iguana (D:3)
  2 orc wizards (D:3)
  A worker ant (D:3)
  3 adders
  4 dart slugs
  2 leopard geckos
  10 orcs (D:3)
  A ball python (D:1)
  3 giant cockroaches
  6 goblins
  6 hobgoblins
  5 jackals
  6 kobolds
  A quokka (D:2)
  A bat (D:3)
  4 rats
58 creatures vanquished.

Notes
Turn   | Place    | Note
-------+----------+-------------------------------------------
     0 | D:1      | tidbits the Gnoll Monk began the quest for the Orb.
     0 | D:1      | Reached XP level 1. HP: 23/23 MP: 1/1
    71 | D:2      | Reached XP level 2. HP: 28/29 MP: 2/2
   247 | D:1      | Reached XP level 3. HP: 25/35 MP: 3/3
   353 | D:3      | Found a blossoming altar of Fedhas.
   380 | D:3      | Reached skill level 1 in Invocations
   391 | D:3      | Found a white marble altar of Elyvilon.
   436 | D:2      | Reached skill level 1 in Long Blades
   436 | D:2      | Reached skill level 1 in Axes
   436 | D:2      | Reached skill level 1 in Maces & Flails
   436 | D:2      | Reached skill level 1 in Polearms
   436 | D:2      | Reached skill level 1 in Staves
   436 | D:2      | Reached skill level 1 in Slings
   436 | D:2      | Reached skill level 1 in Bows
   436 | D:2      | Reached skill level 1 in Crossbows
   436 | D:2      | Reached skill level 1 in Throwing
   436 | D:2      | Reached skill level 1 in Armour
   436 | D:2      | Reached skill level 1 in Shields
   436 | D:2      | Reached skill level 1 in Unarmed Combat
   436 | D:2      | Reached skill level 1 in Spellcasting
   436 | D:2      | Reached skill level 1 in Evocations
   477 | D:2      | Reached XP level 4. HP: 34/41 MP: 5/5
   738 | D:3      | Reached skill level 1 in Conjurations
   738 | D:3      | Reached skill level 1 in Hexes
   738 | D:3      | Reached skill level 1 in Charms
   738 | D:3      | Reached skill level 1 in Summonings
   738 | D:3      | Reached skill level 1 in Necromancy
   738 | D:3      | Reached skill level 1 in Translocations
   738 | D:3      | Reached skill level 1 in Transmutations
   738 | D:3      | Reached skill level 1 in Fire Magic
   738 | D:3      | Reached skill level 1 in Ice Magic
   738 | D:3      | Reached skill level 1 in Air Magic
   738 | D:3      | Reached skill level 1 in Earth Magic
   738 | D:3      | Reached skill level 1 in Poison Magic
   755 | D:3      | Reached XP level 5. HP: 15/47 MP: 6/6
   945 | D:3      | HP: 2/47 [orc priest/divine providence (15)]
   949 | D:3      | Reached XP level 6. HP: 13/53 MP: 8/8
   981 | D:3      | Reached skill level 2 in Invocations
  1032 | D:3      | HP: 5/53 [worker ant (3)]
  1033 | D:3      | Slain by an orc priest

Skill      XL: |  1  2  3  4  5  6 |
---------------+-------------------+-----
Invocations    | 1 2 |  2.0
Long Blades    | 1 |  1.8
Axes           | 1 |  1.8
Maces & Flails | 1 |  1.8
Polearms       | 1 |  1.8
Staves         | 1 |  1.8
Slings         | 1 |  1.8
Bows           | 1 |  1.8
Crossbows      | 1 |  1.8
Throwing       | 1 |  1.8
Armour         | 1 |  1.8
Shields        | 1 |  1.8
Unarmed Combat | 1 |  1.8
Spellcasting   | 1 |  1.8
Evocations     | 1 |  1.8
Conjurations   | 1 |  1.4
Hexes          | 1 |  1.4
Charms         | 1 |  1.4
Summonings     | 1 |  1.4
Necromancy     | 1 |  1.4
Translocations | 1 |  1.4
Transmutations | 1 |  1.4
Fire Magic     | 1 |  1.4
Ice Magic      | 1 |  1.4
Air Magic      | 1 |  1.4
Earth Magic    | 1 |  1.4
Poison Magic   | 1 |  1.4
Fighting       | |  6.8
Short Blades   | |  6.8
Dodging        | |  6.8
Stealth        | |  4.5

Action                   |  1- 3 |  4- 6 || total
-------------------------+-------+-------++-------
Melee: Short sword       |   112 |    88 ||   200
       Bite              |    21 |    15 ||    36
       Dagger            |     2 |    26 ||    28
       Punch             |       |     1 ||     1
  Use: Potion            |     1 |     4 ||     5
       Scroll            |       |     2 ||     2
 Stab: Sleeping          |     5 |     1 ||     6
       Invisible         |       |     3 ||     3
       Distracted        |       |     1 ||     1
  Eat: Ration            |       |     1 ||     1
Armor: Robe              |     5 |     2 ||     7
Dodge: Dodged            |    62 |    63 ||   125

Table legend:
 A = Turns spent in this place as a percentage of turns spent in the entire game.
 B = Non-inter-level travel turns spent in this place as a percentage of non-inter-level travel turns spent in the entire game.
 C = Inter-level travel turns spent in this place as a percentage of turns spent in this place.
 D = Turns resting spent in this place as a percentage of non-inter-level travel turns spent in this place.
 E = Turns spent auto-exploring this place as a percentage of non-inter-level travel turns spent in this place.
 F = Non-inter-level travel turns spent in this place divided by the number of levels of this place that you've seen.
                   A       B       C       D       E      F
               +-------+-------+-------+-------+-------+----------------------
         Total | 100.0 | 100.0 |   0.0 |   0.0 |   0.0 | 258.2
       Dungeon | 100.0 | 100.0 |   0.0 |   0.0 |   0.0 | 258.2
               +-------+-------+-------+-------+-------+----------------------

Table legend:
 A = Kills in this place as a percentage of kills in entire the game.
 B = Kills by you in this place as a percentage of kills by you in the entire game.
 C = Kills by friends in this place as a percentage of kills by friends in the entire game.
 D = Other kills in this place as a percentage of other kills in the entire game.
 E = Experience gained in this place as a percentage of experience gained in the entire game.
 F = Experience gained in this place divided by the number of levels of this place that you have seen.
                   A       B       C       D       E      F
               +-------+-------+-------+-------+-------+----------------------
         Total | 100.0 | 100.0 |   N/A |   N/A | 100.0 |  93.5
       Dungeon | 100.0 | 100.0 |   N/A |   N/A | 100.0 |  93.5
               +-------+-------+-------+-------+-------+----------------------

Vault maps used:
D:1:      mrwooster_arrival_statue_3, serial_glass, glass_columns_a,
          glass_columns_a, glass_columns_c, glass_columns_b, glass_columns_a,
          glass_columns_c, serial_bayou_pond_e, st_stairs_10
D:3:      elyvilon_altar_5, fedhas_altar_3
D:4:      cheibrodos_pilgrimage, minitemple, first_ration,
          minmay_strange_pillars, uniq_ijyb
